 Dungeon Crawl Stone Soup version 0.29.1-2-gbd0b4ee654 (webtiles) character file.

Game seed: 558208604788318467

12 wingedge the Shooter (level 2, 0/24 HPs)
             Began as a Demigod Hunter on Oct 28, 2022.
             Slain by Sigmund
             ... wielding a +0 scythe
              (4 damage)
             ... on level 1 of the Dungeon.
             The game lasted 00:01:43 (678 turns).

wingedge the Shooter (Demigod Hunter)                Turns: 678, Time: 00:01:43

Health: 0/24       AC:  5    Str: 12    XL:     2   Next: 9%
Magic:  4/4        EV: 10    Int: 11    God:
Gold:   61         SH:  0    Dex: 17    Spells: 1/1 levels left

rFire   . . .      SeeInvis .   a - +0 shortbow
rCold   . . .      Faith    .   (shield currently unavailable)
rNeg    . . .      Spirit   .   d - +0 ring mail
rPois   .          Reflect  .   (no helmet)
rElec   .          Harm     .   (no cloak)
rCorr   .          Rampage  .   (no gloves)
Will    .....                   (no boots)
Stlth   +.........              (no amulet)
HPRegen 0.08/turn               (no ring)
MPRegen 0.09/turn               (no ring)

@: mighty
A: high MP 1, forlorn, divine attributes
a: no special abilities


You were on level 1 of the Dungeon.
You visited 1 branch of the dungeon, and saw 2 of its levels.

You collected 61 gold pieces.

Inventory:

Hand Weapons
 a - a +0 shortbow (weapon)
 i - a +0 sling
Armour
 c - a +0 leather armour
 d - a +0 ring mail (worn)
Scrolls
 b - a scroll of immolation
 g - a scroll of identify {unknown}


   Skills:
 - Level 1.7 Fighting
 + Level 4.1 Ranged Weapons
 - Level 1.7 Dodging
 - Level 0.8 Stealth


You had one spell level left.
You didn't know any spells.
Your spell library was empty.

Dungeon Overview and Level Annotations

Branches:
Dungeon (2/15)

Annotations:
D:1 Sigmund
D:2 Robin


Innate Abilities, Weirdness & Mutations

You have an increased reservoir of magic. (+10% MP)
You shall have no god before yourself.
Your divine heritage dramatically boosts your attributes as you level up.


Message History

Sigmund gestures at you while chanting.
You are confused.
Sigmund hits you with a +0 scythe.
It was a potion of might.
You feel very mighty all of a sudden.
Non-targeted confused fire: a) +0 shortbow
Press: ? - help, Q - select action Dir - look around, f - activate Look: Sigmund, wielding a +0 scythe and wearing a +0 robe (heavily wounded, poisoned)
You shoot an arrow. Sigmund hits you with a +0 scythe!
Non-targeted confused fire: a) +0 shortbow
Press: ? - help, Q - select action Dir - look around, f - activate Look: Sigmund, wielding a +0 scythe and wearing a +0 robe (heavily wounded, poisoned)
You shoot an arrow. Sigmund hits you with a +0 scythe.
Non-targeted confused fire: a) +0 shortbow
Press: ? - help, Q - select action Dir - look around, f - activate Look: Sigmund, wielding a +0 scythe and wearing a +0 robe (heavily wounded, poisoned)
You shoot an arrow.
You feel less confused.
Sigmund looks more healthy.
Sigmund misses you.
Fire: a) +0 shortbow
Press: ? - help, Q - select action Shift-Dir - straight line, f/p - Sigmund
Aim: Sigmund, wielding a +0 scythe and wearing a +0 robe (heavily wounded, 58% to hit)
You shoot an arrow. The arrow hits Sigmund.
Sigmund is heavily wounded.
Sigmund mumbles some strange words.
Sigmund flickers and vanishes!
Deactivating autopickup; reactivate with Ctrl-A.
Fire: a) +0 shortbow
Press: ? - help, Q - select action Shift-Dir - straight line You shoot an arrow.
Something hits you!
* * * LOW HITPOINT WARNING * * *
Unknown command.
Fire: a) +0 shortbow
Press: ? - help, Q - select action Shift-Dir - straight line You shoot an arrow.
Something hits you.
You die...

#.##..........
#.##..........
#.##........##
##.##........#
##.#.#.#.#.#.###
#.#.#.#.#.#.#...
####.#.≈≈≈≈≈.#.#..
#...#.#≈.<.≈#.#...
#@{#.#.≈...≈.#.#..
#...#.#≈...≈#.#...
#..#.#.~~~~~.#.#..
#...#.#.#.#.#.#...
#..#.#.#.#.#.#.#..
#........#####....
#........# #....
########## #....
#....


There were no monsters in sight!

Vanquished Creatures
  A dart slug (D:2)
  An endoplasm (D:1)
  2 goblins (D:1)
  A kobold (D:1)
  A quokka (D:1)
  A bat (D:1)
  A frilled lizard (D:1)
  2 rats
10 creatures vanquished.

Notes
Turn   | Place    | Note
-------+----------+-------------------------------------------
     0 | D:1      | wingedge the Demigod Hunter began the quest for the Orb.
     0 | D:1      | Reached XP level 1. HP: 17/17 MP: 3/3
   435 | D:1      | Reached skill level 4 in Ranged Weapons
   503 | D:2      | Noticed Robin
   533 | D:2      | Noticed Sigmund
   547 | D:2      | Reached XP level 2. HP: 15/24 MP: 4/4
   678 | D:1      | Slain by Sigmund

Illustrated notes

Levels and vault maps discovered:
D:1:      ncdulo_watergridlock, layout_rooms,
          dreamdust_ecumenical_altar_hidden_monk_grotto
D:2:      layout_rooms, serial_shops, shop, uniq_robin, uniq_sigmund,
          uniq_crazy_yiuf_cottage

Skill      XL: |  1 |
---------------+----+-----
Ranged Weapons | 4 |  4.1
Fighting       | |  1.7
Dodging        | |  1.7
Stealth        | |  0.8

Action                   || total
-------------------------++-------
 Fire: Shortbow          ||    38
Throw: Dart              ||     4
  Use: Potion            ||     4
Armor: Ring mail         ||     5
Dodge: Dodged            ||    13
